Map: Iron Fortress LE

Players

iNcontroLRC (INcontroL)

  • Race: Protoss Protoss
  • Spawn Location: 11:00

Javert - Winner!

  • Race: Zerg Zerg
  • Spawn Location: 5:00

VOD

Have the link to the VOD?

Description

Time

  • Played on: April 2, 2015, 1:41 a.m.
  • Length: 7:23
Show
View Real Time Build Order
Export as new Build Order

iNcontroLRC Protoss 

Build Orders: Forge Fast Expand (FFE) 

Get SALT Encoding   

  12  0:00  Probe  
  13  0:14  Pylon  
  13  0:17  Probe  
  14  0:32  Probe (Chrono Boost)  
  15  0:37  Forge  
  15  0:42  Probe (Chrono Boost)  
  17  0:50  Probe  
  17  0:53  Pylon  
  17  1:02  Probe (Chrono Boost)  
  19  1:12  Probe (Chrono Boost)  
  19  1:19  Probe  
  20  1:28  Nexus  
  20  1:32  Probe (Chrono Boost)  
  21  1:40  Photon Cannon  
  21  1:44  Probe (Chrono Boost)  
  22  1:53  Probe (Chrono Boost)  
  23  2:01  Probe, Gateway  
  24  2:11  Assimilator  
  24  2:13  Probe (Chrono Boost), Assimilator  
  25  2:18  Pylon  
  26  2:23  Probe (Chrono Boost)  
  26  2:31  Probe (Chrono Boost)  
  27  2:40  Probe (Chrono Boost)  
  29  2:48  Cybernetics Core, Probe (Chrono Boost)  
  29  2:50  Probe (Chrono Boost)  
  30  2:55  Probe  
  30  2:57  Probe  
  32  3:00  Photon Cannon  
  32  3:03  Pylon  
  32  3:07  Probe  
  32  3:09  Probe  
  34  3:19  Probe  
  35  3:21  Probe  
  35  3:26  Pylon  
  36  3:27  Stargate  
  36  3:28  Warp Gate  
  36  3:33  Probe x2 (Chrono Boost)  
  38  3:38  Pylon  
  38  3:45  Probe (Chrono Boost)  
  38  3:46  Assimilator  
  40  3:49  Probe (Chrono Boost)  
  40  3:50  Assimilator  
  40  3:53  Probe (Chrono Boost)  
  41  3:56  Photon Cannon  
  41  3:57  Photon Cannon  
  43  4:03  Mothership Core (Chrono Boost)  
  43  4:08  Pylon  
  44  4:10  Oracle (Chrono Boost)  
  44  4:11  Probe (Chrono Boost)  
  48  4:17  Probe  
  48  4:18  Probe  
  49  4:26  Photon Cannon  
  49  4:29  Probe (Chrono Boost)  
  51  4:34  Probe (Chrono Boost)  
  51  4:36  Robotics Facility  
  51  4:41  Probe (Chrono Boost), Oracle (Chrono Boost)  
  56  4:45  Probe (Chrono Boost)  
  56  4:47  Probe (Chrono Boost), Protoss Ground Weapons Level 1  
  56  4:50  Pylon  
  57  4:54  Probe  
  57  4:58  Probe  
  59  5:05  Pylon  
  59  5:06  Probe  
  60  5:09  Stargate  
  60  5:10  Probe  
  61  5:18  Fleet Beacon, Probe  
  62  5:22  Probe, Pylon  
  63  5:36  Immortal  
  63  5:42  Probe x2  
  69  5:54  Probe  
  69  5:55  Probe  
  76  6:13  Pylon  
  76  6:14  Pylon  
  76  6:15  Void Ray (Chrono Boost)  
  75  6:20  Pylon x2  
  53  6:37  Zealot  
  41  6:54  Probe  
  36  7:06  Probe  
  33  7:13  Pylon  
  26  7:17  Zealot  
Show
View Real Time Build Order
Export as new Build Order

Javert Zerg - Winner!

Build Orders: Hatch First 

Get SALT Encoding   

  12  0:01  Drone  
  13  0:13  Overlord  
  13  0:18  Drone  
  14  0:31  Drone x2  
  16  0:36  Drone  
  17  0:55  Hatchery  
  16  0:58  Drone  
  16  1:02  Extractor  
  16  1:03  Drone  
  17  1:18  Spawning Pool  
  16  1:21  Drone  
  16  1:24  Drone  
  18  1:29  Drone  
  19  1:40  Overlord  
  19  2:06  Queen x2  
  19  2:08  Metabolic Boost  
  23  2:11  Zergling x4  
  23  2:15  Drone  
  26  2:39  Drone x2  
  26  2:40  Drone x4  
  31  3:09  Overlord  
  31  3:10  Drone  
  31  3:11  Drone x2  
  34  3:15  Hatchery  
  34  3:16  Drone  
  34  3:19  Overlord  
  34  3:25  Queen  
  36  3:28  Drone x2  
  38  3:35  Overlord  
  38  3:37  Drone  
  38  3:38  Drone  
  40  3:44  Drone x3  
  40  3:45  Drone  
  44  3:48  Extractor  
  44  3:49  Extractor  
  44  3:50  Extractor  
  41  3:57  Overlord  
  41  4:00  Lair  
  41  4:07  Drone  
  41  4:08  Roach Warren  
  41  4:17  Drone  
  41  4:18  Drone  
  43  4:34  Zergling x10  
  48  4:44  Overlord x2  
  48  4:51  Roach  
  48  4:52  Roach x4  
  60  5:01  Overlord x2  
  56  5:16  Drone x5  
  56  5:17  Drone  
  62  5:24  Spore Crawler  
  62  5:25  Spore Crawler  
  60  5:29  Ravager x2  
  60  5:32  Ravager x3  
  60  5:34  Zergling x10  
  69  5:43  Zergling x2  
  59  5:57  Zergling x14  
  59  6:29  Zergling x2  
  59  6:30  Zergling x12  
  58  6:49  Zergling x4  
Tags
 
Add a new tag
Caveats
  • Supply blocks, unpowered buildings, or Contaminate may cause inaccurate times.
  • Supply counts are checked every 10 seconds.